 Dungeon Crawl Stone Soup version 0.28-a0-649-g2b6bb2fd11 (webtiles) character file.

Game seed: 11762903078019140579

179 Drevant2 the Cleaver (level 5, -3/45 HPs)
             Began as a Hill Orc Chaos Knight on Oct 11, 2021.
             Was a Plaything of Xom.
             Slain by Sigmund (6 damage)
             ... on level 3 of the Dungeon.
             The game lasted 00:05:18 (3176 turns).

Drevant2 the Cleaver (Hill Orc Chaos Knight)        Turns: 3176, Time: 00:05:19

Health: -3/45      AC:  9    Str: 14      XL:     5   Next: 59%
Magic:  0/5        EV:  6    Int: 11 (12) God:    Xom [*.....]
Gold:   212        SH:  0    Dex:  9 (10) Spells: 4/4 levels left

rFire   . . .      SeeInvis .   a - +0 hand axe (chaos)
rCold   . . .      Faith    .   (no shield)
rNeg    . . .      Spirit   +   h - +0 chain mail
rPois   .          Reflect  .   f - +1 hat
rElec   .          Harm     .   (no cloak)
rCorr   .          Rampage  .   (no gloves)
Will    .....                   (no boots)
Stlth   ..........              c - amulet of guardian spirit
HPRegen 0.15/turn               (no ring)
MPRegen 0.09/turn               (no ring)

@: confused
A: weak 1
a: Renounce Religion


You were on level 3 of the Dungeon.
You worshipped Xom.
You were a special plaything of Xom.
You visited 1 branch of the dungeon, and saw 3 of its levels.

You collected 212 gold pieces.

Inventory:

Hand Weapons
 a - a +0 hand axe of chaos (weapon)
Armour
 b - a +2 leather armour
 f - a +1 hat (worn)
 h - a +0 chain mail (worn)
Jewellery
 c - an amulet of guardian spirit (around neck)
Scrolls
 d - a scroll of amnesia
 j - a scroll of vulnerability
Potions
 g - a potion of mutation


   Skills:
 - Level 3.6 Fighting
 * Level 8.1 Axes
 - Level 2.1 Armour
 - Level 0.7 Dodging


You had 4 spell levels left.
You didn't know any spells.
Your spell library contained the following spells:

 Spells                   Type           Power      Damage    Failure   Level
 Passage of Golubria      Tloc           N/A        N/A       100%        4
 Silence                  Hex/Air        0%         N/A       100%        5
 Lehudib's Crystal Spear  Conj/Erth      0%         10d2      100%        8


Dungeon Overview and Level Annotations

Branches:
Dungeon (3/15)

Altars:
Fedhas

Annotations:
D:3 Sigmund


Innate Abilities, Weirdness & Mutations

You are weak. (Str -2)


Message History

Okay, then.
You closely miss something. Something hits you.
* * * LOW HITPOINT WARNING * * *
You hit something.
Nothing appears to happen.
Your chain mail prevents you from hitting something.
Something hits you but does no damage.
You hit something. You hit something. Something hits you but does no damage.
You hit something.
Your chain mail prevents you from hitting something.
You completely miss something. You barely miss something.
Your chain mail prevents you from hitting something.
You completely miss something. You hit something. You hit something.
You hit something.
Nothing appears to happen.
You closely miss something. You hit something but do no damage.
You barely miss something. You slash something!
You hit something but do no damage. You hit something but do no damage.
You barely miss something. You hit something.
Nothing appears to happen.
You hit something but do no damage.
You hear some strange, mumbled words.
A puff of flame appears from out of thin air!
The puff of flame hits you.
* * * LOW HITPOINT WARNING * * *
You closely miss something. Something hits you.
* * * LOW HITPOINT WARNING * * *
You closely miss something.
You hear some strange, mumbled words.
You are confused.
Something hits you.
* * * LOW HITPOINT WARNING * * *
You miss something.
You bump into the rock wall.
Something hits you!
You die...

... #...........# ...
#...........## #.# #............#
#.# #..........#.#
#####.#####..........#.## #.#
##.#..................#..# #.#
#.#..#.######.........##.###.#
#.#..#.# ####'#######..##.# ##
.###...# #@# ##.##.# #. ######.#
#{# #.##.# #. #.# #.# #.#
#..#.###. #.####.# #.# ##.#.....
..)....# #.# #.#.##..
#'##############.# #...##.#
..............##.##########..##.#
...#####...#....)........ #.>##..
...#...'.........#######. #######


There were no monsters in sight!

Vanquished Creatures
  2 orc priests (D:2)
  Robin (D:2)
  4 gnolls (D:2)
  A worm (D:3)
  A dart slug (D:3)
  3 orcs
  5 endoplasms
  A giant cockroach (D:2)
  13 goblins
  4 hobgoblins
  3 jackals (D:2)
  A quokka (D:1)
  6 ball pythons
  5 bats
  6 kobolds
  5 rats
61 creatures vanquished.

Notes
Turn   | Place    | Note
-------+----------+-------------------------------------------
     0 | D:1      | Drevant2 the Hill Orc Chaos Knight began the quest for the
                  | Orb.
     0 | D:1      | Reached XP level 1. HP: 19/19 MP: 1/1
   158 | D:1      | Reached XP level 2. HP: 26/26 MP: 2/2
   440 | D:1      | Reached skill level 5 in Axes
   533 | D:1      | XOM: noise
  1124 | D:2      | Found a blossoming altar of Fedhas.
  1198 | D:2      | XOM: silly message
  1219 | D:1      | Reached XP level 3. HP: 15/31 MP: 3/3
  1558 | D:2      | Reached skill level 6 in Axes
  1558 | D:2      | Reached XP level 4. HP: 33/39 MP: 4/4
  1836 | D:2      | Reached skill level 7 in Axes
  1862 | D:2      | XOM: silly message
  1945 | D:2      | XOM: confuse monster(s)
  1964 | D:2      | Reached XP level 5. HP: 30/45 MP: 5/5
  2104 | D:2      | Noticed Robin
  2106 | D:2      | XOM: confuse monster(s)
  2121 | D:2      | Killed Robin
  2154 | D:2      | XOM: give mutation
  2154 | D:2      | Gained mutation: You have sharp fingernails. [Xom's grace]
  2464 | D:2      | XOM: give mutations
  2464 | D:2      | Gained mutation: You are weak. (Str -2) [Xom's mischief]
  2464 | D:2      | Gained mutation: You are very weak. (Str -4) [Xom's
                  | mischief]
  2464 | D:2      | Gained mutation: Your body sometimes deteriorates upon
                  | taking damage. [Xom's mischief]
  2552 | D:2      | XOM: stat loss: -1 Int (11/12)
  2670 | D:3      | Reached skill level 8 in Axes
  2759 | D:3      | XOM: 2-stop teleportation journey
  2900 | D:3      | XOM: stat loss: -1 Dex (9/10)
  2944 | D:3      | XOM: silly message
  2947 | D:3      | XOM: 1-stop teleportation journey
  3090 | D:3      | Noticed Sigmund
  3125 | D:3      | Lost mutation: Your body sometimes deteriorates upon taking
                  | damage. [potion of mutation]
  3125 | D:3      | Lost mutation: You have sharp fingernails. [potion of
                  | mutation]
  3125 | D:3      | Lost mutation: You are very weak. (Str -4) [potion of
                  | mutation]
  3125 | D:3      | Gained mutation: You are robust. (+10% HP) [potion of
                  | mutation]
  3125 | D:3      | Lost mutation: You are robust. (+10% HP) [potion of
                  | mutation]
  3143 | D:3      | XOM: god gift: potion of curing
  3176 | D:3      | Slain by Sigmund

Illustrated notes

Levels and vault maps discovered:
D:1:      co_arrival_square_in_a_square_in_a_square, layout_loops_ring
D:2:      layout_basic, basic_altar, uniq_robin
D:3:      layout_basic, grunt_decor_resistance, uniq_sigmund

Skill      XL: |  1  2  3  4  5 |
---------------+----------------+-----
Axes           | 5 6 7 8 |  8.1
Fighting       | |  3.6
Armour         | |  2.1
Dodging        | |  0.7

Action                   |  1- 3 |  4- 6 || total
-------------------------+-------+-------++-------
Melee: Hand axe          |    72 |   126 ||   198
  Use: Potion            |       |     4 ||     4
       Scroll            |       |     5 ||     5
Armor: Leather armour    |    27 |       ||    27
       Chain mail        |     9 |    72 ||    81
Dodge: Dodged            |    40 |    40 ||    80

Table legend: (Time is in decaauts)
 A = Elapsed time spent in this place.
 B = Non-inter-level travel time spent in this place.
 C = Inter-level travel time spent in this place.
 D = Time resting spent in this place.
 E = Time spent auto-exploring this place.
 F = Levels seen in this place.
 G = Mean time per level.
                   A        B        C        D        E       F      G
               +--------+--------+--------+--------+--------+-----+--------+
         Total |   3172 |   2943 |    229 |    468 |   1960 |   3 | 1057.3 |
       Dungeon |   3172 |   2943 |    229 |    468 |   1960 |   3 | 1057.3 |
               +--------+--------+--------+--------+--------+-----+--------+

Top non-repeatable levels by time:
     D:1: 1443 daAuts
     D:2: 1132 daAuts
     D:3: 596 daAuts
